AoeStats
← Grafenstein

Arabia

509374976Analyzed
1v1 RM · 6d ago on Sep 26, 2026· 54m 13s· 2 players
Game mode
Random Map
Map size
Tiny (2 player)
Population
200
Speed
Normal
Resources
Standard
Victory
Conquest
Starting age
Dark Age
Ending age
Imperial Age
RankedLock teamsTeams togetherTeam positionsShared explorationLock speedFull tech treeHidden civsTurbo modeCheats
Victory
Defeat
🇩🇪 Hindustanis · Germany
1235
+14
🇨🇳 Huns · China
1202
-14
口子哥
6:50 Loom
9:22 Feudal Age
20:11 Castle Age
18:25 Fletching
18:26 Horse Collar
18:39 Double-Bit Axe
19:13 Padded Archer Armor
21:50 Light Cavalry
22:41 Bloodlines
22:32 Husbandry
23:25 Wheelbarrow
22:50 Bodkin Arrow
23:12 Leather Archer Armor
24:54 Forging
29:36 Ballistics
30:13 Pikeman
32:09 Scale Mail Armor
32:45 Iron Casting
33:34 Wheelbarrow
33:17 Chain Mail Armor
33:51 Scale Barding Armor
39:58 Imperial Age
39:58 Chain Barding Armor
42:06 Chemistry
41:33 Parthian Tactics
40:46 Halberdier
41:26 Squires
41:12 Arson
44:50 Plate Barding Armor
45:20 Blast Furnace
45:28 Bracer
45:58 Conscription
47:11 Cavalier
47:12 Hussar
48:03 Elite Skirmisher
49:26 Murder Holes
50:57 Heavy Cavalry Archer
Grafenstein
7:18 Loom
10:18 Feudal Age
12:09 Double-Bit Axe
15:52 Horse Collar
20:57 Castle Age
20:36 Bloodlines
21:23 Scale Barding Armor
22:48 Bow Saw
25:46 Fletching
29:34 Husbandry
36:07 Imperial Age
34:27 Wheelbarrow
35:34 Chain Barding Armor
35:25 Forging
36:51 Heavy Camel Rider
38:51 Chemistry
40:05 Hand Cart
43:40 Padded Archer Armor
44:16 Plate Barding Armor
43:37 Bodkin Arrow
44:18 Iron Casting
43:06 Imperial Camel Rider
44:19 Conscription
45:21 Two-Man Saw
44:09 Town Watch
44:24 Elite Skirmisher
45:05 Onager
46:47 Leather Archer Armor
46:32 Bracer
46:33 Scale Mail Armor
46:58 Grand Trunk Road
48:59 Blast Furnace
48:54 Shatagni
49:40 Siege Engineers
49:45 Masonry
49:56 Ballistics
52:16 Town Patrol
51:57 Light Cavalry
54:07 Hoardings
53:33 Murder Holes
54:28 Ring Archer Armor
53:23 Hussar
Connection lost

Rejoining the realm…

Still unreachable

The connection could not be restored.

Session expired

The server has moved on; the page needs a fresh start.